CALGARY Wranglers vs BAKERSFIELD Condors

Created - 23 février 2024 at 14:29

Goals
1 2 3 T
CALGARY Wranglers 4 1 0 5
BAKERSFIELD Condors 0 1 3 4
Shots
1 2 3 T
CALGARY Wranglers 15 22 10 47
BAKERSFIELD Condors 3 16 12 31

1st period

1. CALGARY Wranglers , Egor Sokolov 1 (Jake Leschyshyn 6, Daniil Miromanov 8) at 0:32
2. CALGARY Wranglers , Juraj Slafkovsky 3 (Jack Drury 10) at 3:08
3. CALGARY Wranglers , Brock Faber 4 (Daniil Miromanov 9, Jean-Luc Foudy 4) at 9:02
4. CALGARY Wranglers , Graeme Clarke 3 (Egor Zamula 7, Jared McIsaac 5) at 19:21

Penalties :
Trevor Carrick (edm) for Holding (Minor) at 5:52, Daniil Miromanov (cgy) for Roughing (Minor) at 13:26

2nd period

5. CALGARY Wranglers , Egor Sokolov 2 (Daniil Miromanov 10, Jake Leschyshyn 7) at 1:16
6. BAKERSFIELD Condors , Thomas Bordeleau 5 (Lassi Thomson 7, Jack Quinn 10) at 11:48

Penalties :
Will Bitten (edm) for Slashing (Minor) at 4:53, Tyler Tucker (cgy) for Tripping (Minor) at 12:41, Akito Hirose (cgy) for Interference (Minor) at 13:46, Juraj Slafkovsky (cgy) for Slashing (Minor) at 16:32

3rd period

7. BAKERSFIELD Condors , J.J. Peterka 6 (Lukas Reichel 12, Jack Quinn 11) at 2:09
8. BAKERSFIELD Condors , J.J. Peterka 7 (Shane Bowers 1) at 13:04
9. BAKERSFIELD Condors , J.J. Peterka 8 (Marcus Bjork 8) at 15:30

Penalties :
Wyatt Kaiser (edm) for High sticking (Minor) at 2:16, Lukas Reichel (edm) for Elbowing (Minor) at 3:16, Gabriel Fortier (cgy) for Roughing (Minor) at 6:26, Akito Hirose (cgy) for High sticking (Minor) at 16:52, Will Bitten (edm) for Roughing (Minor) at 18:12

Goalie Stats

Justus Annunen (cgy), 27 saves from 31 shots - (0,871), W, 10-4-1, 60:00 minutes
Mads Sogaard (edm), 12 saves from 17 shots - (0,706), L, 9-6-0, 21:16 minutes
Jaxson Stauber (edm), 30 saves from 30 shots - (1,000), 38:44 minutes

Players Stats for CALGARY Wranglers

Player Name              G  A  P  +/- PIM S  H  SB GA TA FO     MP     PP MP  PK MP  
------------------------------------------------------------------------------------
Akito Hirose             0  0  0  -1  4   4  2  5  0  0  0/0    22:28   4:15   3:38 
Alex Galchenyuk          0  0  0   0  0   3  0  0  0  0  3/5    19:01   4:34   1:15 
Arnaud Durandeau         0  0  0   1  0   0  0  0  0  0  0/0     7:46   0:00   0:00 
Brock Faber              1  0  1   2  0   1  2  0  0  0  0/0    20:55   3:50   3:46 
Daniil Miromanov         0  3  3   2  2   2  1  0  0  0  0/0    21:02   3:50   3:54 
Egor Sokolov             2  0  2   1  0   3  0  0  0  0  0/0    14:34   4:20   0:00 
Egor Zamula              0  1  1   0  0   0  1  1  0  0  0/0    15:54   0:17   2:37 
Gabriel Fortier          0  0  0  -1  2   2  0  0  0  0  2/2    10:55   0:53   0:20 
Graeme Clarke            1  0  1   1  0   4  0  0  0  0  0/1     8:57   0:17   0:54 
Hendrix Lapierre         0  0  0  -1  0   2  0  0  0  0  7/10   12:26   0:00   2:43 
Jack Drury               0  1  1   0  0   3  0  0  0  0  11/21  19:20   3:31   2:37 
Jake Leschyshyn          0  2  2   1  0   6  2  0  0  0  25/34  19:59   3:55   5:11 
Jared McIsaac            0  1  1   0  0   0  2  0  0  0  0/0    14:39   0:00   1:00 
Jean-Luc Foudy           0  1  1   1  0   2  0  0  0  0  6/11    7:46   0:00   0:00 
Juraj Slafkovsky         1  0  1   0  2   6  4  0  0  0  0/0    21:20   3:14   4:16 
Samuel Fagemo            0  0  0  -1  0   2  0  0  0  0  1/1     9:43   0:00   0:00 
Tyler Tucker             0  0  0  -1  2   4  5  1  0  0  0/0    24:18   3:58   5:06 
Will Cuylle              0  0  0   1  0   3  2  0  0  0  0/1    16:57   3:31   3:12 

Players Stats for BAKERSFIELD Condors

Player Name              G  A  P  +/- PIM S  H  SB GA TA FO     MP     PP MP  PK MP  
------------------------------------------------------------------------------------
Andrej Sustr             0  0  0  -2  0   1  3  2  0  0  0/0    20:46   5:27   3:18 
Haydn Fleury             0  0  0   1  0   5  1  2  0  0  0/0    24:41   4:54   4:27 
J.J. Peterka             3  0  3   2  0   10 2  0  0  0  1/4    24:52   4:31   4:35 
Jack Quinn               0  2  2   1  0   5  1  0  0  0  2/10   25:11   3:31   3:15 
Lassi Thomson            0  1  1   1  0   0  1  0  0  0  0/0     9:51   0:00   0:35 
Lukas Reichel            0  1  1   2  2   2  3  0  0  0  7/18   21:34   4:25   1:28 
Madison Bowey            0  0  0  -1  0   0  1  0  0  0  0/0     4:57   0:00   0:00 
Marcus Bjork             0  1  1   1  0   0  0  1  0  0  0/0    24:41   4:54   4:27 
Matej Blumel             0  0  0  -3  0   2  4  0  0  0  1/3    20:19   5:54   0:14 
Milos Kelemen            0  0  0   0  0   0  1  1  0  0  0/0    11:57   0:20   0:00 
Otto Leskinen            0  0  0   0  0   0  0  0  0  0  0/0     0:20   0:00   0:20 
Ryan O'Rourke            0  0  0  -1  0   0  0  0  0  0  0/0     4:57   0:00   0:00 
Shane Bowers             0  1  1   1  0   0  0  1  0  0  5/12   12:06   0:00   3:42 
Thomas Bordeleau         1  0  1   0  0   1  0  0  0  0  6/15   12:52   1:15   0:00 
Trevor Carrick           0  0  0  -2  2   3  4  2  0  0  0/0    19:52   5:27   2:25 
Trey Fix-Wolansky        0  0  0  -3  0   1  4  0  0  0  0/1    21:24   5:17   1:56 
Will Bitten              0  0  0  -3  4   1  1  0  0  0  9/23   19:59   5:49   0:00 
Wyatt Kaiser             0  0  0   1  2   0  0  1  0  0  0/0     9:53   0:00   0:38 

3 Stars

1 - J.J. Peterka (edm)
2 - Egor Sokolov (cgy)
3 - Brock Faber (cgy)

Power Play

CALGARY Wranglers - 0 on 5 Attempt(s) - 0,00%
BAKERSFIELD Condors - 0 on 6 Attempt(s) - 0,00%

Penalty Kill

CALGARY Wranglers - 6 on 6 Attempt(s) - 100,00% - Score 0 goal in Penalty Kill
BAKERSFIELD Condors - 5 on 5 Attempt(s) - 100,00% - Score 0 goal in Penalty Kill

Team Stat

CALGARY Wranglers - Hits : 21 - Faceoff Wins : 55 - Blocked Shots : 7 - Penalty Minutes : 12
BAKERSFIELD Condors - Hits : 26 - Faceoff Wins : 31 - Blocked Shots : 10 - Penalty Minutes : 10

Official

Referees : Justin St. Pierre and Elizabeth Mantha
Linesman : C.J. Murray and Dan Kelly

Game Notes

Jaxson Stauber enters game at 1:16 of 2nd period
J.J. Peterka has scored a Hat Trick!

CALGARY Wranglers

5 vs 5 Forward 
   Center                   Left Wing                Right Wing               Time % Phy DF OF 
 1 Jack Drury               Alex Galchenyuk          Juraj Slafkovsky         40     1   2  2  
 2 Jake Leschyshyn          Will Cuylle              Egor Sokolov             30     1   2  2  
 3 Hendrix Lapierre         Gabriel Fortier          Samuel Fagemo            20     1   2  2  
 4 Jean-Luc Foudy           Arnaud Durandeau         Graeme Clarke            10     1   2  2  

5 vs 5 Defense 
   Defense                  Defense                                           Time % Phy DF OF 
 1 Tyler Tucker             Akito Hirose                                      40     1   2  2  
 2 Brock Faber              Daniil Miromanov                                  30     1   2  2  
 3 Egor Zamula              Jared McIsaac                                     20     1   2  2  
 4 Tyler Tucker             Akito Hirose                                      10     1   2  2  

PowerPlay Forward 
   Center                   Left Wing                Right Wing               Time % Phy DF OF 
 1 Jake Leschyshyn          Egor Sokolov             Alex Galchenyuk          60     1   2  2  
 2 Jack Drury               Will Cuylle              Juraj Slafkovsky         40     1   2  2  

PowerPlay Defense
   Defense                  Defense                                           Time % Phy DF OF 
 1 Tyler Tucker             Akito Hirose                                      60     1   2  2  
 2 Brock Faber              Daniil Miromanov                                  40     1   2  2  

Penalty Kill 4 Players Forward 
   Center                   Wing                     Time % Phy DF OF 
 1 Jake Leschyshyn          Juraj Slafkovsky         60     1   2  2  
 2 Jack Drury               Will Cuylle              40     1   2  2  

Penalty Kill 4 Players Defense
   Defense                  Defense                  Time % Phy DF OF 
 1 Tyler Tucker             Akito Hirose             60     1   2  2  
 2 Brock Faber              Daniil Miromanov         40     1   2  2  

Penalty Kill - 3 Players Forward 
   Forward                                           Time % Phy DF OF 
 1 Jake Leschyshyn                                   60     1   2  2  
 2 Jack Drury                                        40     1   2  2  

Penalty Kill - 3 Players Defense
   Defense                  Defense                  Time % Phy DF OF 
 1 Tyler Tucker             Akito Hirose             60     1   2  2  
 2 Brock Faber              Daniil Miromanov         40     1   2  2  

4 vs 4 Forward 
   Center                   Wing                     Time % Phy DF OF 
 1 Jake Leschyshyn          Juraj Slafkovsky         60     1   2  2  
 2 Jack Drury               Will Cuylle              40     1   2  2  

4 vs 4 Defense
   Defense                  Defense                  Time % Phy DF OF 
 1 Tyler Tucker             Akito Hirose             60     1   2  2  
 2 Brock Faber              Daniil Miromanov         40     1   2  2  

Last Minutes Offensive
   Center                   Left Wing                Right Wing               Defense                  Defense                  
   Jake Leschyshyn          Juraj Slafkovsky         Alex Galchenyuk          Tyler Tucker             Akito Hirose             

Last Minutes Defensive
   Center                   Left Wing                Right Wing               Defense                  Defense                  
   Jake Leschyshyn          Juraj Slafkovsky         Alex Galchenyuk          Tyler Tucker             Akito Hirose             

Goaltenders
Starting : Justus Annunen           
Backup : Antoine Bibeau           

Extra Forwards
Normal : Juraj Slafkovsky, Graeme Clarke, Will Cuylle - PP : Gabriel Fortier, Graeme Clarke - PK : Hendrix Lapierre
Extra Defensemen
Normal : Daniil Miromanov, Egor Zamula, Jared McIsaac - PP : Daniil Miromanov - PK : Daniil Miromanov, Egor Zamula
Penalty Shots
Jake Leschyshyn, Jack Drury, Alex Galchenyuk, Juraj Slafkovsky, Egor Sokolov

Scratches
David Quenneville (Healthy), Guillaume Brisebois (Healthy), Thomas Schemitsch (Healthy), Skyler McKenzie (Healthy), Matthew Strome (Healthy)
Tim Gettinger (Healthy), Arsen Khisamutdinov (Healthy), Mason Primeau (Healthy), Trenton Bourque (Healthy), Cedric Pare (Healthy)
Serron Noel (Healthy), Victor Berglund (Healthy), Alexander Pashin (Healthy)

BAKERSFIELD Condors

5 vs 5 Forward 
   Center                   Left Wing                Right Wing               Time % Phy DF OF 
 1 Lukas Reichel            Jack Quinn               J.J. Peterka             40     1   2  2  
 2 Will Bitten              Matej Blumel             Trey Fix-Wolansky        30     1   2  2  
 3 Thomas Bordeleau         Jack Quinn               Milos Kelemen            20     1   2  2  
 4 Shane Bowers             J.J. Peterka             Lukas Reichel            10     1   2  2  

5 vs 5 Defense 
   Defense                  Defense                                           Time % Phy DF OF 
 1 Haydn Fleury             Marcus Bjork                                      40     1   2  2  
 2 Trevor Carrick           Andrej Sustr                                      30     1   2  2  
 3 Wyatt Kaiser             Lassi Thomson                                     20     1   2  2  
 4 Madison Bowey            Ryan O'Rourke                                     10     1   2  2  

PowerPlay Forward 
   Center                   Left Wing                Right Wing               Time % Phy DF OF 
 1 Lukas Reichel            Jack Quinn               J.J. Peterka             60     1   2  2  
 2 Will Bitten              Matej Blumel             Trey Fix-Wolansky        40     1   2  2  

PowerPlay Defense
   Defense                  Defense                                           Time % Phy DF OF 
 1 Haydn Fleury             Marcus Bjork                                      60     1   2  2  
 2 Trevor Carrick           Andrej Sustr                                      40     1   2  2  

Penalty Kill 4 Players Forward 
   Center                   Wing                     Time % Phy DF OF 
 1 Jack Quinn               J.J. Peterka             60     1   2  2  
 2 Lukas Reichel            Trey Fix-Wolansky        40     1   2  2  

Penalty Kill 4 Players Defense
   Defense                  Defense                  Time % Phy DF OF 
 1 Haydn Fleury             Marcus Bjork             60     1   2  2  
 2 Trevor Carrick           Andrej Sustr             40     1   2  2  

Penalty Kill - 3 Players Forward 
   Forward                                           Time % Phy DF OF 
 1 Jack Quinn                                        60     1   2  2  
 2 J.J. Peterka                                      40     1   2  2  

Penalty Kill - 3 Players Defense
   Defense                  Defense                  Time % Phy DF OF 
 1 Haydn Fleury             Marcus Bjork             60     1   2  2  
 2 Trevor Carrick           Andrej Sustr             40     1   2  2  

4 vs 4 Forward 
   Center                   Wing                     Time % Phy DF OF 
 1 Jack Quinn               J.J. Peterka             60     1   2  2  
 2 Lukas Reichel            Trey Fix-Wolansky        40     1   2  2  

4 vs 4 Defense
   Defense                  Defense                  Time % Phy DF OF 
 1 Haydn Fleury             Marcus Bjork             60     1   2  2  
 2 Trevor Carrick           Andrej Sustr             40     1   2  2  

Last Minutes Offensive
   Center                   Left Wing                Right Wing               Defense                  Defense                  
   Lukas Reichel            Jack Quinn               J.J. Peterka             Haydn Fleury             Marcus Bjork             

Last Minutes Defensive
   Center                   Left Wing                Right Wing               Defense                  Defense                  
   Lukas Reichel            Jack Quinn               J.J. Peterka             Haydn Fleury             Marcus Bjork             

Goaltenders
Starting : Mads Sogaard             
Backup : Jaxson Stauber           
Third : Calle Clang              

Extra Forwards
Normal : Thomas Bordeleau, Milos Kelemen, Shane Bowers - PP : Thomas Bordeleau, Milos Kelemen - PK : Shane Bowers
Extra Defensemen
Normal : Otto Leskinen, Wyatt Kaiser, Lassi Thomson - PP : Otto Leskinen - PK : Wyatt Kaiser, Lassi Thomson
Penalty Shots
Jack Quinn, J.J. Peterka, Lukas Reichel, Trey Fix-Wolansky, Will Bitten

Scratches
Aleksi Saarela (Healthy), Greg Chase (Healthy), Vladislav Kamenev (Healthy), Anthony Louis (Healthy), Dylan Sadowy (Healthy)
Jonathan Dahlen (Healthy), Niclas Almari (Healthy), Carson Focht (Healthy)

% Time on Ice - CALGARY Wranglers

Lines # - Real PCT - Wanted PCT - Time Play
Normal Forward
1 - 32% - 40% - 13:12
2 - 25% - 30% - 10:14
3 - 24% - 20% - 9:43
4 - 19% - 10% - 7:46
Normal Defense
1 - 33% - 40% - 13:39
2 - 33% - 30% - 13:19
3 - 32% - 20% - 13:00
4 - 2% - 10% - 0:57
PP Forward
1 - 56% - 60% - 4:34
2 - 44% - 40% - 3:31
PP Defense
1 - 53% - 60% - 4:15
2 - 47% - 40% - 3:50
PK Forward
1 - 76% - 60% - 7:12
2 - 24% - 40% - 2:15
PK Defense
1 - 57% - 60% - 5:23
2 - 43% - 40% - 4:04
PK3 Forward
1 - 96% - 60% - 0:52
2 - 4% - 40% - 0:02
PK3 Defense
1 - 100% - 60% - 0:54
2 - 0% - 40% - 0:00
44 Forward
1 - 100% - 60% - 0:39
2 - 0% - 40% - 0:00
44 Defense
1 - 100% - 60% - 0:39
2 - 0% - 40% - 0:00
Last Minute Offensive  - 0:00
Last Minute Defensive  - 0:00
Total
Forward - 60:00
Defense - 60:00

% Time on Ice - BAKERSFIELD Condors

Lines # - Real PCT - Wanted PCT - Time Play
Normal Forward
1 - 19% - 40% - 7:36
2 - 35% - 30% - 14:11
3 - 28% - 20% - 11:37
4 - 18% - 10% - 7:31
Normal Defense
1 - 36% - 40% - 14:41
2 - 29% - 30% - 12:01
3 - 23% - 20% - 9:16
4 - 12% - 10% - 4:57
PP Forward
1 - 44% - 60% - 4:31
2 - 56% - 40% - 5:50
PP Defense
1 - 47% - 60% - 4:54
2 - 53% - 40% - 5:27
PK Forward
1 - 73% - 60% - 5:10
2 - 27% - 40% - 1:56
PK Defense
1 - 59% - 60% - 4:13
2 - 41% - 40% - 2:53
PK3 Forward
1 - 100% - 60% - 0:59
2 - 0% - 40% - 0:00
PK3 Defense
1 - 24% - 60% - 0:14
2 - 76% - 40% - 0:45
44 Forward
1 - 100% - 60% - 0:39
2 - 0% - 40% - 0:00
44 Defense
1 - 100% - 60% - 0:39
2 - 0% - 40% - 0:00
Last Minute Offensive  - 0:00
Last Minute Defensive  - 0:00
Total
Forward - 60:00
Defense - 60:00

Play-by-Play

1st period


0:01 of 1st period - Lukas Reichel wins face-off versus Jack Drury in neutral zone.
0:01 of 1st period - Jack Quinn is hit by Juraj Slafkovsky and loses puck.
0:06 of 1st period - J.J. Peterka is hit by Juraj Slafkovsky and loses puck.
0:26 of 1st period - Shot by Alex Galchenyuk.
0:26 of 1st period - Stopped by Mads Sogaard without a rebound.
0:27 of 1st period - Jake Leschyshyn wins face-off versus Matej Blumel in BAKERSFIELD Condors zone.
0:30 of 1st period - Shot by Jake Leschyshyn.
0:30 of 1st period - Shot Misses the Net.
0:32 of 1st period - Shot by Egor Sokolov.
0:32 of 1st period - Goal by Egor Sokolov - CALGARY Wranglers : 1 - BAKERSFIELD Condors : 0.
0:33 of 1st period - Hendrix Lapierre wins face-off versus Will Bitten in neutral zone.
0:35 of 1st period - Off-side.
0:36 of 1st period - Jake Leschyshyn wins face-off versus Thomas Bordeleau in neutral zone.
0:38 of 1st period - Will Cuylle is hit by Milos Kelemen and loses puck.
0:56 of 1st period - Shot by Egor Sokolov.
0:56 of 1st period - Stopped by Mads Sogaard with a rebound.
0:58 of 1st period - Shot by Daniil Miromanov.
0:58 of 1st period - Stopped by Mads Sogaard with a rebound.
1:07 of 1st period - Egor Sokolov is hit by Andrej Sustr and loses puck.
1:14 of 1st period - Shot by Jake Leschyshyn.
1:14 of 1st period - Stopped by Mads Sogaard with a rebound.
1:55 of 1st period - Matej Blumel is hit by Jared McIsaac and loses puck.
2:12 of 1st period - Icing by Egor Zamula.
2:13 of 1st period - Samuel Fagemo wins face-off versus Shane Bowers in CALGARY Wranglers zone.
2:33 of 1st period - J.J. Peterka is hit by Tyler Tucker and loses puck.
2:39 of 1st period - Lukas Reichel is hit by Akito Hirose and loses puck.
3:02 of 1st period - Icing by Alex Galchenyuk.
3:03 of 1st period - Jack Drury wins face-off versus Thomas Bordeleau in CALGARY Wranglers zone.
3:08 of 1st period - Shot by Juraj Slafkovsky.
3:08 of 1st period - Goal by Juraj Slafkovsky - CALGARY Wranglers : 2 - BAKERSFIELD Condors : 0.
3:09 of 1st period - Will Bitten wins face-off versus Jean-Luc Foudy in neutral zone.
3:55 of 1st period - Will Bitten is hit by Jake Leschyshyn and loses puck.
4:28 of 1st period - Jake Leschyshyn is hit by Matej Blumel.
5:06 of 1st period - Shot by Alex Galchenyuk.
5:06 of 1st period - Shot Misses the Net.
5:08 of 1st period - Shot by Alex Galchenyuk.
5:08 of 1st period - Shot Misses the Net.
5:10 of 1st period - Shot by Jack Drury.
5:10 of 1st period - Shot Misses the Net.
5:12 of 1st period - Shot by Alex Galchenyuk.
5:12 of 1st period - Shot Misses the Net.
5:14 of 1st period - Shot by Egor Zamula.
5:14 of 1st period - Shot Blocked by Haydn Fleury.
5:19 of 1st period - Icing by Haydn Fleury.
5:20 of 1st period - Hendrix Lapierre wins face-off versus Lukas Reichel in BAKERSFIELD Condors zone.
5:27 of 1st period - Shot by Samuel Fagemo.
5:27 of 1st period - Stopped by Mads Sogaard without a rebound.
5:28 of 1st period - Jean-Luc Foudy wins face-off versus Thomas Bordeleau in BAKERSFIELD Condors zone.
5:33 of 1st period - Shot by Graeme Clarke.
5:33 of 1st period - Stopped by Mads Sogaard with a rebound.
5:35 of 1st period - Shot by Jean-Luc Foudy.
5:35 of 1st period - Shot Misses the Net.
5:52 of 1st period - Minor Penalty to Trevor Carrick for Holding.
5:53 of 1st period - Jake Leschyshyn wins face-off versus J.J. Peterka in BAKERSFIELD Condors zone.
6:00 of 1st period - Shot by Akito Hirose.
6:00 of 1st period - Stopped by Mads Sogaard with a rebound.
6:02 of 1st period - Shot by Tyler Tucker.
6:02 of 1st period - Stopped by Mads Sogaard with a rebound.
6:04 of 1st period - Shot by Akito Hirose.
6:04 of 1st period - Stopped by Mads Sogaard with a rebound.
6:43 of 1st period - Jack Drury is hit by Trey Fix-Wolansky and loses puck.
8:18 of 1st period - Gabriel Fortier is hit by Lukas Reichel and loses puck.
8:36 of 1st period - Icing by Haydn Fleury.
8:37 of 1st period - Matej Blumel wins face-off versus Jean-Luc Foudy in BAKERSFIELD Condors zone.
8:51 of 1st period - Matej Blumel is hit by Brock Faber and loses puck.
9:02 of 1st period - Shot by Brock Faber.
9:02 of 1st period - Goal by Brock Faber - CALGARY Wranglers : 3 - BAKERSFIELD Condors : 0.
9:03 of 1st period - Thomas Bordeleau wins face-off versus Jack Drury in neutral zone.
9:14 of 1st period - Shot by Juraj Slafkovsky.
9:14 of 1st period - Shot Misses the Net.
9:16 of 1st period - Shot by Akito Hirose.
9:16 of 1st period - Shot Blocked by Trevor Carrick.
9:57 of 1st period - Lassi Thomson is hit by Egor Zamula and loses puck.
11:28 of 1st period - Shot by Ryan O'Rourke.
11:28 of 1st period - Shot Misses the Net.
11:30 of 1st period - Shot by Ryan O'Rourke.
11:30 of 1st period - Shot Misses the Net.
11:32 of 1st period - Shot by Jack Quinn.
11:32 of 1st period - Stopped by Justus Annunen without a rebound.
11:33 of 1st period - Lukas Reichel wins face-off versus Jack Drury in CALGARY Wranglers zone.
12:41 of 1st period - Icing by Brock Faber.
12:42 of 1st period - Thomas Bordeleau wins face-off versus Jake Leschyshyn in CALGARY Wranglers zone.
12:59 of 1st period - Shot by Jake Leschyshyn.
12:59 of 1st period - Stopped by Mads Sogaard with a rebound.
13:26 of 1st period - Minor Penalty to Daniil Miromanov for Roughing.
13:27 of 1st period - Lukas Reichel wins face-off versus Graeme Clarke in CALGARY Wranglers zone.
13:28 of 1st period - Shot by Trevor Carrick.
13:28 of 1st period - Shot Misses the Net.
13:30 of 1st period - Shot by Andrej Sustr.
13:30 of 1st period - Shot Misses the Net.
13:53 of 1st period - J.J. Peterka is hit by Tyler Tucker and loses puck.
15:00 of 1st period - Shot by Trevor Carrick.
15:00 of 1st period - Stopped by Justus Annunen without a rebound.
15:01 of 1st period - Jake Leschyshyn wins face-off versus Lukas Reichel in CALGARY Wranglers zone.
15:01 of 1st period - Jake Leschyshyn is hit by Lukas Reichel.
15:10 of 1st period - Off-side.
15:11 of 1st period - Jake Leschyshyn wins face-off versus Lukas Reichel in neutral zone.
16:42 of 1st period - Jack Drury is hit by Madison Bowey and loses puck.
17:20 of 1st period - Shot by J.J. Peterka.
17:20 of 1st period - Shot Misses the Net.
17:23 of 1st period - Icing by Tyler Tucker.
17:24 of 1st period - Jake Leschyshyn wins face-off versus Shane Bowers in CALGARY Wranglers zone.
17:32 of 1st period - Egor Sokolov is hit by J.J. Peterka and loses puck.
18:04 of 1st period - Icing by Marcus Bjork.
18:05 of 1st period - Thomas Bordeleau wins face-off versus Hendrix Lapierre in BAKERSFIELD Condors zone.
18:51 of 1st period - Icing by Marcus Bjork.
18:52 of 1st period - Jean-Luc Foudy wins face-off versus Thomas Bordeleau in BAKERSFIELD Condors zone.
18:55 of 1st period - Shot by Graeme Clarke.
18:55 of 1st period - Stopped by Mads Sogaard with a rebound.
18:57 of 1st period - Shot by Jared McIsaac.
18:57 of 1st period - Shot Misses the Net.
19:21 of 1st period - Shot by Graeme Clarke.
19:21 of 1st period - Goal by Graeme Clarke - CALGARY Wranglers : 4 - BAKERSFIELD Condors : 0.
19:22 of 1st period - Shane Bowers wins face-off versus Jack Drury in neutral zone.
19:43 of 1st period - J.J. Peterka is hit by Akito Hirose and loses puck.
19:58 of 1st period - Shot by J.J. Peterka.
19:58 of 1st period - Stopped by Justus Annunen without a rebound.
19:59 of 1st period - Jake Leschyshyn wins face-off versus Will Bitten in CALGARY Wranglers zone.
19:59 of 1st period - Jake Leschyshyn is hit by Matej Blumel.
Goals for this period are 4 for CALGARY Wranglers vs 0 for BAKERSFIELD Condors.
Shots for this period are 15 for CALGARY Wranglers vs 3 for BAKERSFIELD Condors.

2nd period


0:01 of 2nd period - Lukas Reichel wins face-off versus Alex Galchenyuk in neutral zone.
0:06 of 2nd period - Shot by Jack Quinn.
0:06 of 2nd period - Stopped by Justus Annunen with a rebound.
1:02 of 2nd period - Shot by Will Cuylle.
1:02 of 2nd period - Stopped by Mads Sogaard with a rebound.
1:16 of 2nd period - Shot by Egor Sokolov.
1:16 of 2nd period - Goal by Egor Sokolov - CALGARY Wranglers : 5 - BAKERSFIELD Condors : 0.
1:16 of 2nd period - Jaxson Stauber enters game.
1:17 of 2nd period - Hendrix Lapierre wins face-off versus Will Bitten in neutral zone.
1:26 of 2nd period - Shot by Hendrix Lapierre.
1:26 of 2nd period - Stopped by Jaxson Stauber without a rebound.
1:27 of 2nd period - Will Bitten wins face-off versus Jean-Luc Foudy in BAKERSFIELD Condors zone.
1:32 of 2nd period - Shot by Haydn Fleury.
1:32 of 2nd period - Shot Misses the Net.
2:40 of 2nd period - Shot by Jack Drury.
2:40 of 2nd period - Stopped by Jaxson Stauber without a rebound.
2:41 of 2nd period - Jake Leschyshyn wins face-off versus Shane Bowers in BAKERSFIELD Condors zone.
2:52 of 2nd period - Jake Leschyshyn is hit by Lukas Reichel and loses puck.
3:47 of 2nd period - Shot by Jack Quinn.
3:47 of 2nd period - Stopped by Justus Annunen without a rebound.
3:48 of 2nd period - Jack Drury wins face-off versus Thomas Bordeleau in CALGARY Wranglers zone.
4:03 of 2nd period - Shot by Jack Drury.
4:03 of 2nd period - Stopped by Jaxson Stauber without a rebound.
4:04 of 2nd period - Hendrix Lapierre wins face-off versus Will Bitten in BAKERSFIELD Condors zone.
4:21 of 2nd period - Shot by Gabriel Fortier.
4:21 of 2nd period - Stopped by Jaxson Stauber with a rebound.
4:27 of 2nd period - Shot by Tyler Tucker.
4:27 of 2nd period - Stopped by Jaxson Stauber with a rebound.
4:32 of 2nd period - Hendrix Lapierre is hit by Haydn Fleury and loses puck.
4:53 of 2nd period - Minor Penalty to Will Bitten for Slashing.
4:54 of 2nd period - Jake Leschyshyn wins face-off versus Jack Quinn in BAKERSFIELD Condors zone.
5:07 of 2nd period - Shot by Alex Galchenyuk.
5:07 of 2nd period - Stopped by Jaxson Stauber with a rebound.
5:49 of 2nd period - Trevor Carrick is hit by Juraj Slafkovsky and loses puck.
5:54 of 2nd period - Shot by Tyler Tucker.
5:54 of 2nd period - Stopped by Jaxson Stauber without a rebound.
5:55 of 2nd period - Jack Quinn wins face-off versus Jack Drury in BAKERSFIELD Condors zone.
6:04 of 2nd period - Shot by Tyler Tucker.
6:04 of 2nd period - Shot Misses the Net.
6:42 of 2nd period - Shot by Brock Faber.
6:42 of 2nd period - Shot Blocked by Andrej Sustr.
6:44 of 2nd period - Shot by Alex Galchenyuk.
6:44 of 2nd period - Shot Misses the Net.
6:46 of 2nd period - Shot by Daniil Miromanov.
6:46 of 2nd period - Stopped by Jaxson Stauber with a rebound.
6:48 of 2nd period - Shot by Jake Leschyshyn.
6:48 of 2nd period - Stopped by Jaxson Stauber without a rebound.
6:49 of 2nd period - Jake Leschyshyn wins face-off versus Jack Quinn in BAKERSFIELD Condors zone.
7:50 of 2nd period - Icing by Brock Faber.
7:51 of 2nd period - Jean-Luc Foudy wins face-off versus Will Bitten in CALGARY Wranglers zone.
7:51 of 2nd period - Jean-Luc Foudy is hit by Matej Blumel.
8:16 of 2nd period - Graeme Clarke is hit by Trevor Carrick and loses puck.
8:48 of 2nd period - Shot by Lukas Reichel.
8:48 of 2nd period - Stopped by Justus Annunen without a rebound.
8:49 of 2nd period - Shane Bowers wins face-off versus Jake Leschyshyn in CALGARY Wranglers zone.
8:50 of 2nd period - Shot by J.J. Peterka.
8:50 of 2nd period - Deflect By Lukas Reichel.
8:50 of 2nd period - Shot Misses the Net.
9:10 of 2nd period - Shot by Will Cuylle.
9:10 of 2nd period - Stopped by Jaxson Stauber without a rebound.
9:11 of 2nd period - Thomas Bordeleau wins face-off versus Jack Drury in BAKERSFIELD Condors zone.
9:24 of 2nd period - Shot by Juraj Slafkovsky.
9:24 of 2nd period - Stopped by Jaxson Stauber with a rebound.
9:26 of 2nd period - Shot by Alex Galchenyuk.
9:26 of 2nd period - Stopped by Jaxson Stauber without a rebound.
9:27 of 2nd period - Will Bitten wins face-off versus Jake Leschyshyn in BAKERSFIELD Condors zone.
9:27 of 2nd period - Will Bitten is hit by Jake Leschyshyn.
9:52 of 2nd period - Icing by Brock Faber.
9:53 of 2nd period - Lukas Reichel wins face-off versus Jake Leschyshyn in CALGARY Wranglers zone.
9:56 of 2nd period - Shot by J.J. Peterka.
9:56 of 2nd period - Stopped by Justus Annunen without a rebound.
9:57 of 2nd period - Jack Drury wins face-off versus Lukas Reichel in CALGARY Wranglers zone.
10:04 of 2nd period - Shot by Jack Drury.
10:04 of 2nd period - Shot Misses the Net.
10:34 of 2nd period - Shot by J.J. Peterka.
10:34 of 2nd period - Stopped by Justus Annunen with a rebound.
10:36 of 2nd period - Shot by Marcus Bjork.
10:36 of 2nd period - Shot Blocked by Akito Hirose.
10:38 of 2nd period - Shot by Lukas Reichel.
10:38 of 2nd period - Deflect By J.J. Peterka.
10:38 of 2nd period - Stopped by Justus Annunen without a rebound.
10:39 of 2nd period - Jake Leschyshyn wins face-off versus Will Bitten in CALGARY Wranglers zone.
10:39 of 2nd period - Daniil Miromanov is hit by Will Bitten and loses puck.
11:03 of 2nd period - Jake Leschyshyn is hit by Trevor Carrick and loses puck.
11:14 of 2nd period - Shot by Matej Blumel.
11:14 of 2nd period - Stopped by Justus Annunen with a rebound.
11:48 of 2nd period - Shot by Thomas Bordeleau.
11:48 of 2nd period - Goal by Thomas Bordeleau - CALGARY Wranglers : 5 - BAKERSFIELD Condors : 1.
11:49 of 2nd period - J.J. Peterka wins face-off versus Jack Drury in neutral zone.
11:49 of 2nd period - Lukas Reichel is hit by Juraj Slafkovsky and loses puck.
12:22 of 2nd period - Shot by Shane Bowers.
12:22 of 2nd period - Shot Misses the Net.
12:41 of 2nd period - Minor Penalty to Tyler Tucker for Tripping.
12:42 of 2nd period - Jake Leschyshyn wins face-off versus Will Bitten in CALGARY Wranglers zone.
12:57 of 2nd period - Shot by Trey Fix-Wolansky.
12:57 of 2nd period - Stopped by Justus Annunen without a rebound.
12:58 of 2nd period - Jake Leschyshyn wins face-off versus Lukas Reichel in CALGARY Wranglers zone.
12:58 of 2nd period - Jake Leschyshyn is hit by Jack Quinn.
13:46 of 2nd period - Shot by Haydn Fleury.
13:46 of 2nd period - Stopped by Justus Annunen without a rebound.
13:46 of 2nd period - Minor Penalty to Akito Hirose for Interference.
13:47 of 2nd period - Jake Leschyshyn wins face-off versus Will Bitten in CALGARY Wranglers zone.
13:56 of 2nd period - Shot by Haydn Fleury.
13:56 of 2nd period - Stopped by Justus Annunen without a rebound.
13:57 of 2nd period - Jake Leschyshyn wins face-off versus Will Bitten in CALGARY Wranglers zone.
14:26 of 2nd period - Shot by Haydn Fleury.
14:26 of 2nd period - Shot Blocked by Egor Zamula.
15:02 of 2nd period - Shot by J.J. Peterka.
15:02 of 2nd period - Shot Misses the Net.
15:04 of 2nd period - Shot by Trevor Carrick.
15:04 of 2nd period - Shot Misses the Net.
15:06 of 2nd period - Shot by J.J. Peterka.
15:06 of 2nd period - Stopped by Justus Annunen without a rebound.
15:07 of 2nd period - Will Bitten wins face-off versus Hendrix Lapierre in CALGARY Wranglers zone.
15:08 of 2nd period - Shot by Haydn Fleury.
15:08 of 2nd period - Stopped by Justus Annunen with a rebound.
15:10 of 2nd period - Shot by Matej Blumel.
15:10 of 2nd period - Stopped by Justus Annunen with a rebound.
15:12 of 2nd period - Shot by Marcus Bjork.
15:12 of 2nd period - Shot Misses the Net.
15:14 of 2nd period - Shot by Haydn Fleury.
15:14 of 2nd period - Shot Misses the Net.
15:16 of 2nd period - Shot by Marcus Bjork.
15:16 of 2nd period - Shot Misses the Net.
15:20 of 2nd period - Shot by Trey Fix-Wolansky.
15:20 of 2nd period - Shot Misses the Net.
15:22 of 2nd period - Shot by Haydn Fleury.
15:22 of 2nd period - Shot Misses the Net.
15:51 of 2nd period - Icing by Brock Faber.
15:52 of 2nd period - Jean-Luc Foudy wins face-off versus Thomas Bordeleau in CALGARY Wranglers zone.
16:02 of 2nd period - Shot by Arnaud Durandeau.
16:02 of 2nd period - Shot Misses the Net.
16:04 of 2nd period - Shot by Jean-Luc Foudy.
16:04 of 2nd period - Stopped by Jaxson Stauber with a rebound.
16:14 of 2nd period - Shot by Graeme Clarke.
16:14 of 2nd period - Stopped by Jaxson Stauber without a rebound.
16:15 of 2nd period - Jake Leschyshyn wins face-off versus Shane Bowers in BAKERSFIELD Condors zone.
16:16 of 2nd period - Shot by Tyler Tucker.
16:16 of 2nd period - Shot Misses the Net.
16:18 of 2nd period - Shot by Akito Hirose.
16:18 of 2nd period - Shot Blocked by Andrej Sustr.
16:20 of 2nd period - Shot by Tyler Tucker.
16:20 of 2nd period - Stopped by Jaxson Stauber without a rebound.
16:21 of 2nd period - Shane Bowers wins face-off versus Alex Galchenyuk in BAKERSFIELD Condors zone.
16:25 of 2nd period - Off-side.
16:26 of 2nd period - Jack Drury wins face-off versus Lukas Reichel in neutral zone.
16:32 of 2nd period - Minor Penalty to Juraj Slafkovsky for Slashing.
16:33 of 2nd period - Jake Leschyshyn wins face-off versus Lukas Reichel in CALGARY Wranglers zone.
16:33 of 2nd period - Jake Leschyshyn is hit by J.J. Peterka.
17:01 of 2nd period - Shot by Haydn Fleury.
17:01 of 2nd period - Deflect By Lukas Reichel.
17:01 of 2nd period - Stopped by Justus Annunen without a rebound.
17:02 of 2nd period - Jake Leschyshyn wins face-off versus Will Bitten in CALGARY Wranglers zone.
17:02 of 2nd period - Jake Leschyshyn is hit by Trey Fix-Wolansky.
17:15 of 2nd period - Andrej Sustr is hit by Tyler Tucker.
17:19 of 2nd period - Shot by Will Bitten.
17:19 of 2nd period - Stopped by Justus Annunen with a rebound.
17:28 of 2nd period - Matej Blumel is hit by Tyler Tucker and loses puck.
18:07 of 2nd period - Icing by Lukas Reichel.
18:08 of 2nd period - Hendrix Lapierre wins face-off versus Lukas Reichel in BAKERSFIELD Condors zone.
18:45 of 2nd period - Icing by Jared McIsaac.
18:46 of 2nd period - Will Bitten wins face-off versus Jean-Luc Foudy in CALGARY Wranglers zone.
19:08 of 2nd period - Shot by Jean-Luc Foudy.
19:08 of 2nd period - Stopped by Jaxson Stauber without a rebound.
19:09 of 2nd period - Jack Drury wins face-off versus Shane Bowers in BAKERSFIELD Condors zone.
19:16 of 2nd period - Shot by Jack Drury.
19:16 of 2nd period - Shot Blocked by Trevor Carrick.
19:18 of 2nd period - Shot by Juraj Slafkovsky.
19:18 of 2nd period - Stopped by Jaxson Stauber with a rebound.
19:20 of 2nd period - Shot by Jack Drury.
19:20 of 2nd period - Stopped by Jaxson Stauber with a rebound.
19:33 of 2nd period - Off-side.
19:34 of 2nd period - Thomas Bordeleau wins face-off versus Jake Leschyshyn in neutral zone.
19:40 of 2nd period - Icing by Akito Hirose.
19:41 of 2nd period - Jake Leschyshyn wins face-off versus Matej Blumel in CALGARY Wranglers zone.
19:52 of 2nd period - Shot by Jake Leschyshyn.
19:52 of 2nd period - Stopped by Jaxson Stauber with a rebound.
19:54 of 2nd period - Shot by Will Cuylle.
19:54 of 2nd period - Stopped by Jaxson Stauber with a rebound.
Goals for this period are 1 for CALGARY Wranglers vs 1 for BAKERSFIELD Condors.
Shots for this period are 22 for CALGARY Wranglers vs 16 for BAKERSFIELD Condors.

3rd period


0:01 of 3rd period - Jack Drury wins face-off versus Lukas Reichel in neutral zone.
0:25 of 3rd period - J.J. Peterka is hit by Tyler Tucker and loses puck.
0:30 of 3rd period - Shot by Jack Quinn.
0:30 of 3rd period - Stopped by Justus Annunen without a rebound.
0:31 of 3rd period - Jake Leschyshyn wins face-off versus Will Bitten in CALGARY Wranglers zone.
0:45 of 3rd period - Icing by Andrej Sustr.
0:46 of 3rd period - Hendrix Lapierre wins face-off versus Will Bitten in BAKERSFIELD Condors zone.
0:46 of 3rd period - Hendrix Lapierre is hit by Trevor Carrick.
0:56 of 3rd period - Shot by Gabriel Fortier.
0:56 of 3rd period - Shot Misses the Net.
0:58 of 3rd period - Shot by Gabriel Fortier.
0:58 of 3rd period - Stopped by Jaxson Stauber without a rebound.
0:59 of 3rd period - Lukas Reichel wins face-off versus Jack Drury in BAKERSFIELD Condors zone.
1:10 of 3rd period - Shot by Lukas Reichel.
1:10 of 3rd period - Deflect By Jack Quinn.
1:10 of 3rd period - Shot Misses the Net.
1:12 of 3rd period - Shot by J.J. Peterka.
1:12 of 3rd period - Shot Hit the Post.
1:14 of 3rd period - Shot by Haydn Fleury.
1:14 of 3rd period - Stopped by Justus Annunen without a rebound.
1:15 of 3rd period - Will Bitten wins face-off versus Jake Leschyshyn in CALGARY Wranglers zone.
1:25 of 3rd period - Matej Blumel is hit by Daniil Miromanov and loses puck.
1:43 of 3rd period - Shot by Andrej Sustr.
1:43 of 3rd period - Stopped by Justus Annunen without a rebound.
1:44 of 3rd period - Alex Galchenyuk wins face-off versus J.J. Peterka in CALGARY Wranglers zone.
2:09 of 3rd period - Shot by J.J. Peterka.
2:09 of 3rd period - Goal by J.J. Peterka - CALGARY Wranglers : 5 - BAKERSFIELD Condors : 2.
2:10 of 3rd period - Gabriel Fortier wins face-off versus Will Bitten in neutral zone.
2:10 of 3rd period - Hendrix Lapierre is hit by Trey Fix-Wolansky and loses puck.
2:16 of 3rd period - Minor Penalty to Wyatt Kaiser for High sticking.
2:17 of 3rd period - Jake Leschyshyn wins face-off versus Jack Quinn in BAKERSFIELD Condors zone.
2:26 of 3rd period - Shot by Alex Galchenyuk.
2:26 of 3rd period - Shot Misses the Net.
2:28 of 3rd period - Shot by Jake Leschyshyn.
2:28 of 3rd period - Stopped by Jaxson Stauber without a rebound.
2:29 of 3rd period - Jack Drury wins face-off versus Jack Quinn in BAKERSFIELD Condors zone.
3:03 of 3rd period - Shot by Tyler Tucker.
3:03 of 3rd period - Shot Misses the Net.
3:05 of 3rd period - Shot by Juraj Slafkovsky.
3:05 of 3rd period - Stopped by Jaxson Stauber with a rebound.
3:16 of 3rd period - Minor Penalty to Lukas Reichel for Elbowing.
3:17 of 3rd period - Alex Galchenyuk wins face-off versus Shane Bowers in BAKERSFIELD Condors zone.
3:25 of 3rd period - Jake Leschyshyn is hit by Andrej Sustr and loses puck.
3:36 of 3rd period - Shot by Brock Faber.
3:36 of 3rd period - Shot Blocked by Shane Bowers.
3:38 of 3rd period - Shot by Jake Leschyshyn.
3:38 of 3rd period - Stopped by Jaxson Stauber without a rebound.
3:39 of 3rd period - Jake Leschyshyn wins face-off versus Jack Quinn in BAKERSFIELD Condors zone.
5:13 of 3rd period - Shot by Akito Hirose.
5:13 of 3rd period - Stopped by Jaxson Stauber without a rebound.
5:14 of 3rd period - Jack Drury wins face-off versus Jack Quinn in BAKERSFIELD Condors zone.
5:14 of 3rd period - Jack Drury is hit by Andrej Sustr.
6:08 of 3rd period - Jared McIsaac is hit by Lassi Thomson and loses puck.
6:26 of 3rd period - Minor Penalty to Gabriel Fortier for Roughing.
6:27 of 3rd period - Jake Leschyshyn wins face-off versus Trey Fix-Wolansky in CALGARY Wranglers zone.
6:58 of 3rd period - Shot by Trevor Carrick.
6:58 of 3rd period - Stopped by Justus Annunen without a rebound.
6:59 of 3rd period - Will Bitten wins face-off versus Jack Drury in CALGARY Wranglers zone.
7:00 of 3rd period - Shot by Haydn Fleury.
7:00 of 3rd period - Shot Misses the Net.
7:02 of 3rd period - Shot by Haydn Fleury.
7:02 of 3rd period - Shot Blocked by Akito Hirose.
7:04 of 3rd period - Shot by Marcus Bjork.
7:04 of 3rd period - Shot Blocked by Akito Hirose.
7:06 of 3rd period - Shot by Haydn Fleury.
7:06 of 3rd period - Shot Misses the Net.
7:08 of 3rd period - Shot by Matej Blumel.
7:08 of 3rd period - Shot Blocked by Akito Hirose.
7:10 of 3rd period - Shot by Will Bitten.
7:10 of 3rd period - Shot Misses the Net.
7:12 of 3rd period - Shot by Will Bitten.
7:12 of 3rd period - Shot Misses the Net.
7:45 of 3rd period - Shot by J.J. Peterka.
7:45 of 3rd period - Stopped by Justus Annunen without a rebound.
7:46 of 3rd period - Jack Drury wins face-off versus Lukas Reichel in CALGARY Wranglers zone.
8:06 of 3rd period - Shot by Haydn Fleury.
8:06 of 3rd period - Shot Blocked by Tyler Tucker.
8:38 of 3rd period - Shot by Hendrix Lapierre.
8:38 of 3rd period - Shot Misses the Net.
8:40 of 3rd period - Shot by Daniil Miromanov.
8:40 of 3rd period - Shot Blocked by Wyatt Kaiser.
8:42 of 3rd period - Shot by Daniil Miromanov.
8:42 of 3rd period - Shot Misses the Net.
9:04 of 3rd period - Icing by Lassi Thomson.
9:05 of 3rd period - Jean-Luc Foudy wins face-off versus Thomas Bordeleau in BAKERSFIELD Condors zone.
9:28 of 3rd period - Jared McIsaac is hit by Trey Fix-Wolansky and loses puck.
9:35 of 3rd period - Shot by Will Bitten.
9:35 of 3rd period - Shot Misses the Net.
9:57 of 3rd period - Icing by Egor Zamula.
9:58 of 3rd period - Jack Quinn wins face-off versus Jean-Luc Foudy in CALGARY Wranglers zone.
9:59 of 3rd period - Shot by Haydn Fleury.
9:59 of 3rd period - Shot Misses the Net.
10:26 of 3rd period - Icing by Alex Galchenyuk.
10:27 of 3rd period - Alex Galchenyuk wins face-off versus Thomas Bordeleau in CALGARY Wranglers zone.
10:36 of 3rd period - Shot by Jack Drury.
10:36 of 3rd period - Shot Blocked by Milos Kelemen.
10:38 of 3rd period - Shot by Juraj Slafkovsky.
10:38 of 3rd period - Stopped by Jaxson Stauber without a rebound.
10:39 of 3rd period - Shane Bowers wins face-off versus Will Cuylle in BAKERSFIELD Condors zone.
11:31 of 3rd period - Shot by Haydn Fleury.
11:31 of 3rd period - Stopped by Justus Annunen without a rebound.
11:32 of 3rd period - Jack Drury wins face-off versus Will Bitten in CALGARY Wranglers zone.
11:32 of 3rd period - Jack Drury is hit by Matej Blumel.
12:44 of 3rd period - Shot by Samuel Fagemo.
12:44 of 3rd period - Shot Misses the Net.
12:52 of 3rd period - Shot by Hendrix Lapierre.
12:52 of 3rd period - Shot Misses the Net.
12:54 of 3rd period - Shot by Samuel Fagemo.
12:54 of 3rd period - Stopped by Jaxson Stauber without a rebound.
12:55 of 3rd period - Jean-Luc Foudy wins face-off versus J.J. Peterka in BAKERSFIELD Condors zone.
13:04 of 3rd period - Shot by J.J. Peterka.
13:04 of 3rd period - Goal by J.J. Peterka - CALGARY Wranglers : 5 - BAKERSFIELD Condors : 3.
13:05 of 3rd period - Shane Bowers wins face-off versus Jake Leschyshyn in neutral zone.
13:14 of 3rd period - Shot by Lukas Reichel.
13:14 of 3rd period - Shot Misses the Net.
13:16 of 3rd period - Shot by Haydn Fleury.
13:16 of 3rd period - Shot Misses the Net.
13:18 of 3rd period - Shot by Lukas Reichel.
13:18 of 3rd period - Deflect By J.J. Peterka.
13:18 of 3rd period - Stopped by Justus Annunen without a rebound.
13:19 of 3rd period - Will Bitten wins face-off versus Hendrix Lapierre in CALGARY Wranglers zone.
13:24 of 3rd period - Shot by Will Bitten.
13:24 of 3rd period - Shot Blocked by Akito Hirose.
14:33 of 3rd period - Will Bitten is hit by Brock Faber and loses puck.
14:49 of 3rd period - Icing by Daniil Miromanov.
14:50 of 3rd period - Jack Drury wins face-off versus Lukas Reichel in CALGARY Wranglers zone.
15:04 of 3rd period - Shot by J.J. Peterka.
15:04 of 3rd period - Shot Misses the Net.
15:30 of 3rd period - Shot by J.J. Peterka.
15:30 of 3rd period - Goal by J.J. Peterka - CALGARY Wranglers : 5 - BAKERSFIELD Condors : 4.
15:31 of 3rd period - Hendrix Lapierre wins face-off versus Thomas Bordeleau in neutral zone.
15:45 of 3rd period - Milos Kelemen is hit by Jared McIsaac and loses puck.
15:49 of 3rd period - Icing by Jared McIsaac.
15:50 of 3rd period - Gabriel Fortier wins face-off versus Shane Bowers in CALGARY Wranglers zone.
15:59 of 3rd period - Shot by Samuel Fagemo.
15:59 of 3rd period - Shot Misses the Net.
16:07 of 3rd period - Shot by Jared McIsaac.
16:07 of 3rd period - Shot Misses the Net.
16:09 of 3rd period - Shot by Hendrix Lapierre.
16:09 of 3rd period - Stopped by Jaxson Stauber without a rebound.
16:10 of 3rd period - Thomas Bordeleau wins face-off versus Jake Leschyshyn in BAKERSFIELD Condors zone.
16:10 of 3rd period - Thomas Bordeleau is hit by Will Cuylle.
16:15 of 3rd period - Haydn Fleury is hit by Will Cuylle and loses puck.
16:24 of 3rd period - Shot by Jack Quinn.
16:24 of 3rd period - Stopped by Justus Annunen with a rebound.
16:52 of 3rd period - Minor Penalty to Akito Hirose for High sticking.
16:53 of 3rd period - Will Bitten wins face-off versus Jake Leschyshyn in CALGARY Wranglers zone.
17:20 of 3rd period - Shot by Trevor Carrick.
17:20 of 3rd period - Stopped by Justus Annunen with a rebound.
17:45 of 3rd period - Hendrix Lapierre is hit by Trevor Carrick and loses puck.
18:12 of 3rd period - Minor Penalty to Will Bitten for Roughing.
18:13 of 3rd period - Jake Leschyshyn wins face-off versus Jack Quinn in BAKERSFIELD Condors zone.
18:16 of 3rd period - Shot by Juraj Slafkovsky.
18:16 of 3rd period - Stopped by Jaxson Stauber without a rebound.
18:17 of 3rd period - Jake Leschyshyn wins face-off versus Jack Quinn in BAKERSFIELD Condors zone.
18:20 of 3rd period - Shot by Juraj Slafkovsky.
18:20 of 3rd period - Shot Blocked by Marcus Bjork.
18:36 of 3rd period - Shot by Juraj Slafkovsky.
18:36 of 3rd period - Shot Blocked by Haydn Fleury.
19:47 of 3rd period - Shot by Akito Hirose.
19:47 of 3rd period - Stopped by Jaxson Stauber without a rebound.
19:48 of 3rd period - Lukas Reichel wins face-off versus Jack Drury in BAKERSFIELD Condors zone.
Goals for this period are 0 for CALGARY Wranglers vs 3 for BAKERSFIELD Condors.
Shots for this period are 10 for CALGARY Wranglers vs 12 for BAKERSFIELD Condors. Output by the SimonT Hockey Simulator (STHS) for Martin Benoit - Original Page W3C HTML5 Valid
Hockey Simulator - Hockey Simulation - Hockey Manager